 Dungeon Sprint DCSS version 0.17-a0-2002-g92c7e20 (webtiles) character file.

43789 Kidiri the Unseen (level 13, -21/55 HPs)
             Began as a Spriggan Enchanter on Oct 8, 2015.
             Was the Champion of Dithmenos.
             Demolished by an azure jelly (34 damage)
             ... in the Dungeon (Sprint III: "The Ten Rune Challenge").
             The game lasted 00:21:41 (4339 turns).

Kidiri the Unseen (Spriggan Enchanter)              Turns: 4339, Time: 00:21:42

Health: -21/55     AC:  3    Str:  4    XL:     13   Next: 22%
Magic:  32/34      EV: 35    Int: 19    God:    Dithmenos [******]
Gold:   53         SH:  0    Dex: 19    Spells: 5 memorised, 33 levels left

rFire  . . .     SeeInvis +     k - +0 dagger (drain)
rCold  . . .     Clarity  +     b - +1 robe
rNeg   . . .     SustAt   .     (shield restricted)
rPois  .         Gourm    .     (helmet unavailable)
rElec  .         Spirit   .     (no cloak)
rCorr  .         Warding  .     (gloves unavailable)
rMut   .         NoTele   +     (boots unavailable)
MR     ++...                    (no amulet)
Stlth  ++++++++++               (no ring)
                                (no ring)

@: wreathed by umbra, very quick, very resistant to hostile enchantments,
uncannily stealthy
A: unfitting armour, horns 3, talons 1, see invisible, clarity, herbivore 3,
speed 3, slow metabolism 2, MP-powered wands
a: Shadow Step, Shadow Form, Renounce Religion
}: 1/10 runes: serpentine


You were in the Dungeon.
You worshipped Dithmenos.
Dithmenos was exalted by your worship.
You were not hungry.

You visited 1 branch You collected 53 gold pieces.

Inventory:

Hand Weapons
 d - a +0 triple sword of holy wrath
 k - a +0 dagger of draining (weapon)
Missiles
 a - 9 throwing nets (quivered)
Armour
 b - a +1 robe (worn)
 m - a +0 ring mail
 s - an ice dragon hide
Scrolls
 j - a scroll of blinking
 o - a scroll of identify
 p - 3 scrolls of remove curse
Potions
 e - a potion of curing
 f - 3 potions of heal wounds
 g - a potion of haste
 h - 2 potions of magic
 i - 2 potions of berserk rage
 l - a potion of invisibility
 n - a potion of might
 q - 2 potions of cure mutation
 r - a potion of flight
Comestibles
 c - 30 royal jellies
 w - 6 fruits


   Skills:
 * Level 15.3 Short Blades
 + Level 8.0 Armour
 * Level 19.2 Dodging
 * Level 20.8 Stealth
 * Level 16.7 Spellcasting
 + Level 7.9 Conjurations
 + Level 12.8 Hexes
 + Level 8.7 Ice Magic
 - Level 7.1 Invocations


You had 33 spell levels left.
You knew the following spells:

 Your Spells              Type           Power        Failure   Level  Hunger
a - Corona                Hex            ######.      1%          1    None
b - Ensorcelled Hibernat  Hex/Ice        ######       1%          2    None
c - Confuse               Hex            ######..     1%          3    None
d - Tukima's Dance        Hex            ######..     1%          3    None
e - Dazzling Spray        Conj/Hex       ######..     1%          3    None


Dungeon Overview and Level Annotations

Branches:
Dungeon (1/1)

Altars:
Cheibriados
Dithmenos
Elyvilon
Fedhas
Gozag
Kikubaaqudgha
Makhleb
Nemelex Xobeh
Okawaru
Qazlal
Ru
Sif Muna
Trog
Vehumet
Xom
Yredelemnul
Zin
The Shining One
Jiyva
Lugonu

Shops:
D (?=}[?


Innate Abilities, Weirdness & Mutations

You are tiny and cannot use many weapons and most armour.
You have supernaturally acute eyesight.
You are a herbivore.
You cover ground extremely quickly.
You need consume almost no food.
You have a pair of large horns on your head.
You have sharp toenails.
You possess an exceptional clarity of mind.
You expend magic power (3 MP) to strengthen your wands.


Message History

Aim: an azure jelly (hasn't noticed you, umbra)
The spray of energy hits the azure jelly.
The azure jelly is lightly wounded.
The azure jelly quivers.
Your shadow mimicks your spell!
The shadow shard hits the azure jelly.
Casting: Dazzling Spray
Confirm with . or Enter, or press ? or * to list all spells.
Okay, then.
The azure jelly jiggles.
You open the door. The azure jelly barely misses you.
The azure jelly misses you. The azure jelly completely misses you.
The azure jelly misses you. The azure jelly hits you.
The azure jelly freezes you!!
Ouch! That really hurt!
You emit a cloud of dark smoke.
The azure jelly hits you.
* * * LOW HITPOINT WARNING * * *
The azure jelly freezes you!!
Ouch! That really hurt!
You die...

#≈≈§§§§≈≈≈♣♣.≈
#..≈§§≈≈≈≈≈'..
#≈.≈§§§≈≈.♣♣♣♣
#≈%≈≈§§§≈≈♣
▓##+####'#######♣
▓...........%...♣♣
▓#'#############'♣
▓§J.#≈P..........♣
▓@§.'≈≈...########
▓§§.#≈≈≈..........
▓...#≈≈≈≈P..PP....
#+#############'##
#.♣♣ #♣.♣ ♣.♣ ♣♣.
♣.♣


You could see an azure jelly.

Vanquished Creatures
  Rupert (D)
  3 azure jellies (D)
  A greater naga (D)
  Maud (D)
  2 hydras (D)
  2 ice dragons (D)
  4 anacondas (D)
  A naga warrior (D)
  Erolcha (D)
  4 death yaks (D)
  A death drake (D)
  A spriggan druid (D)
  A lindwurm (D)
  10 black mambas (D)
  A guardian serpent (D)
  2 spiny frogs (D)
  A fire drake (D)
  A deep elf priest (D)
  A komodo dragon (D)
  A queen bee (D)
  3 wandering mushrooms (D)
  8 blink frogs (D)
  2 trapdoor spiders (D)
  4 redbacks (D)
  2 spriggans (D)
  A shadow (D)
  A spatial vortex (D)
  2 hill giants (D)
  2 nagas (D)
  2 water moccasins (D)
  A swamp drake (D)
  A necrophage (D)
  3 two-headed ogres (D)
  2 brain worms (D)
  A water elemental (D)
  32 killer bees (D)
  A scorpion (D)
  An electric eel (D)
  A jelly (D)
  A necromancer (D)
  Jessica (D)
  A wizard (D)
  3 humans (D)
  A kobold demonologist (D)
  3 adders (D)
  A swamp drake simulacrum (D)
  3 rats (D)
  3 plants (D)
127 creatures vanquished.

Vanquished Creatures (others)
  2 draconian scorchers (D)
  3 yaktaurs (D)
  A plant (D)
6 creatures vanquished.

Grand Total: 133 creatures vanquished

Notes
Turn   | Place    | Note
--------------------------------------------------------------
     0 | D        | Kidiri the Spriggan Enchanter began the quest for the Orb.
     0 | D        | Reached XP level 1. HP: 9/9 MP: 5/5
    86 | D        | Noticed Jessica
    88 | D        | Reached skill level 5 in Stealth
    91 | D        | Killed Jessica
    91 | D        | Reached skill level 6 in Stealth
    91 | D        | Reached XP level 2. HP: 13/13 MP: 6/8
   105 | D        | Learned a level 2 spell: Ensorcelled Hibernation
   151 | D        | Reached skill level 1 in Armour
   151 | D        | Reached skill level 5 in Dodging
   151 | D        | Reached XP level 3. HP: 13/16 MP: 3/10
   156 | D        | Learned a level 3 spell: Confuse
   158 | D        | Killed a yaktaur
   160 | D        | Learned a level 3 spell: Dazzling Spray
   209 | D        | Killed a white draconian scorcher
   217 | D        | Noticed a scorpion
   224 | D        | Killed a scorpion
   224 | D        | Reached skill level 7 in Stealth
   224 | D        | Reached skill level 5 in Spellcasting
   224 | D        | Reached skill level 1 in Ice Magic
   224 | D        | Reached XP level 4. HP: 21/21 MP: 12/12
   233 | D        | Learned a level 3 spell: Tukima's Dance
   253 | D        | Gained mutation: You expend magic power (3 MP) to strengthen your wands. [potion of mutation]
   253 | D        | Gained mutation: You have a pair of small horns on your head. [potion of mutation]
   253 | D        | Gained mutation: You have a pair of horns on your head. [potion of mutation]
   254 | D        | Gained mutation: You possess an exceptional clarity of mind. [potion of mutation]
   254 | D        | Gained mutation: You have a pair of large horns on your head. [potion of mutation]
   254 | D        | Gained mutation: You have sharp toenails. [potion of mutation]
   282 | D        | Noticed a water elemental
   284 | D        | Killed a water elemental
   284 | D        | Reached skill level 8 in Stealth
   284 | D        | Reached skill level 1 in Conjurations
   284 | D        | Reached skill level 5 in Hexes
   284 | D        | Reached XP level 5. HP: 24/24 MP: 14/14
   294 | D        | Noticed a jelly
   295 | D        | Noticed a shadow
   332 | D        | Killed a shadow
   332 | D        | Reached skill level 5 in Short Blades
   332 | D        | Reached skill level 9 in Stealth
   332 | D        | Reached XP level 6. HP: 28/28 MP: 2/16
   341 | D        | Killed a white draconian scorcher
   435 | D        | Killed a jelly
   439 | D        | Found a stormy altar of Qazlal.
   440 | D        | Found a sacrificial altar of Ru.
   440 | D        | Found a burning altar of Makhleb.
   440 | D        | Found a viscous altar of Jiyva.
   440 | D        | Found a shimmering altar of Xom.
   440 | D        | Found a shadowy altar of Dithmenos.
   440 | D        | Found a sparkling altar of Nemelex Xobeh.
   440 | D        | Found a corrupted altar of Lugonu.
   440 | D        | Found an opulent altar of Gozag.
   440 | D        | Noticed a spatial vortex
   444 | D        | Became a worshipper of Dithmenos the Shadowed
   455 | D        | Killed a spatial vortex
   455 | D        | Reached skill level 10 in Stealth
   455 | D        | Reached skill level 1 in Invocations
   577 | D        | Found a radiant altar of Vehumet.
   578 | D        | Found a deep blue altar of Sif Muna.
   578 | D        | Found an ancient bone altar of Kikubaaqudgha.
   578 | D        | Noticed a wizard
   579 | D        | Noticed a rust devil
   583 | D        | Killed a wizard
   592 | D        | Killed a rust devil
   699 | D        | Found a glowing silver altar of Zin.
   700 | D        | Found a glowing golden altar of the Shining One.
   700 | D        | Found a white marble altar of Elyvilon.
   700 | D        | Noticed a deep elf priest
   702 | D        | Killed a deep elf priest
   702 | D        | Reached skill level 10 in Dodging
   702 | D        | Reached skill level 11 in Stealth
   702 | D        | Reached XP level 7. HP: 32/32 MP: 17/20
   719 | D        | Found an iron altar of Okawaru.
   720 | D        | Found a bloodstained altar of Trog.
   720 | D        | Noticed a human
   720 | D        | Noticed a human
   722 | D        | Killed a human
   724 | D        | Killed a human
   784 | D        | Found a basalt altar of Yredelemnul.
   784 | D        | Found a snail-covered altar of Cheibriados.
   784 | D        | Found a blossoming altar of Fedhas.
   784 | D        | Noticed a necrophage
   784 | D        | Noticed a necromancer
   786 | D        | Killed a necrophage
   786 | D        | Acquired Dithmenos's first power
   786 | D        | Reached XP level 8. HP: 36/36 MP: 22/22
   787 | D        | Killed a necromancer
   853 | D        | Noticed a two-headed ogre
   853 | D        | Noticed a two-headed ogre
   857 | D        | Killed a two-headed ogre
   857 | D        | Reached skill level 12 in Stealth
   859 | D        | Killed a two-headed ogre
   863 | D        | Noticed a two-headed ogre
   864 | D        | Killed a two-headed ogre
   864 | D        | Acquired Dithmenos's second power
   870 | D        | Noticed a hill giant
   873 | D        | Killed a hill giant
   879 | D        | Noticed a hill giant
   879 | D        | Noticed Erolcha
   881 | D        | Killed Erolcha
   881 | D        | Reached skill level 13 in Stealth
   881 | D        | Reached skill level 10 in Spellcasting
   881 | D        | Reached XP level 9. HP: 39/39 MP: 22/24
   896 | D        | Killed a hill giant
  1004 | D        | Noticed a redback
  1006 | D        | Noticed a trapdoor spider
  1265 | D        | Killed a redback
  1270 | D        | Killed a trapdoor spider
  1270 | D        | Acquired Dithmenos's third power
  1322 | D        | Noticed a trapdoor spider
  1328 | D        | Killed a trapdoor spider
  1460 | D        | Noticed a killer bee
  1460 | D        | Noticed a killer bee
  1460 | D        | Noticed a queen bee
  1461 | D        | Noticed a killer bee
  1461 | D        | Noticed a killer bee
  1461 | D        | Noticed a killer bee
  1461 | D        | Noticed a killer bee
  1461 | D        | Noticed a killer bee
  1461 | D        | Noticed a killer bee
  1461 | D        | Noticed a killer bee
  1461 | D        | Noticed a killer bee
  1461 | D        | Noticed a killer bee
  1461 | D        | Noticed a killer bee
  1461 | D        | Noticed a killer bee
  1461 | D        | Noticed a killer bee
  1461 | D        | Noticed a killer bee
  1461 | D        | Noticed a killer bee
  1461 | D        | Noticed a killer bee
  1461 | D        | Noticed a killer bee
  1461 | D        | Noticed a killer bee
  1461 | D        | Noticed a killer bee
  1461 | D        | Noticed a killer bee
  1461 | D        | Noticed a killer bee
  1461 | D        | Noticed a killer bee
  1461 | D        | Noticed a killer bee
  1461 | D        | Noticed a killer bee
  1461 | D        | Noticed a killer bee
  1461 | D        | Noticed a killer bee
  1461 | D        | Noticed a killer bee
  1461 | D        | Noticed a killer bee
  1461 | D        | Noticed a killer bee
  1461 | D        | Noticed a killer bee
  1461 | D        | Noticed a killer bee
  1462 | D        | Killed a killer bee
  1464 | D        | Killed a killer bee
  1465 | D        | Killed a killer bee
  1469 | D        | Killed a killer bee
  1469 | D        | Acquired Dithmenos's fourth power
  1472 | D        | Killed a killer bee
  1474 | D        | Killed a killer bee
  1474 | D        | Reached skill level 14 in Stealth
  1476 | D        | Killed a killer bee
  1480 | D        | Killed a queen bee
  1480 | D        | Reached skill level 5 in Ice Magic
  1482 | D        | Killed a killer bee
  1484 | D        | Killed a killer bee
  1634 | D        | Killed a killer bee
  1634 | D        | Reached skill level 10 in Short Blades
  1670 | D        | Killed a killer bee
  1780 | D        | Killed a killer bee
  1780 | D        | Killed a killer bee
  1781 | D        | Killed a killer bee
  1782 | D        | Killed a killer bee
  1783 | D        | Killed a killer bee
  1786 | D        | Killed a killer bee
  1790 | D        | Killed a killer bee
  1791 | D        | Killed a killer bee
  1792 | D        | Killed a killer bee
  1793 | D        | Killed a killer bee
  1793 | D        | Reached skill level 5 in Armour
  1793 | D        | Reached skill level 5 in Invocations
  1800 | D        | Killed a killer bee
  1812 | D        | Killed a killer bee
  1812 | D        | Reached XP level 10. HP: 42/44 MP: 2/26
  1903 | D        | Killed a yaktaur
  1943 | D        | Killed a killer bee
  1948 | D        | Killed a killer bee
  1949 | D        | Killed a killer bee
  1950 | D        | Killed a killer bee
  1952 | D        | Killed a killer bee
  1959 | D        | Killed a killer bee
  1959 | D        | Killed a killer bee
  1960 | D        | Killed a killer bee
  1966 | D        | Killed a killer bee
  2128 | D        | Noticed a wandering mushroom
  2129 | D        | Noticed a wandering mushroom
  2129 | D        | Noticed a wandering mushroom
  2130 | D        | Killed a wandering mushroom
  2132 | D        | Killed a wandering mushroom
  2132 | D        | Reached skill level 15 in Stealth
  2133 | D        | Killed a wandering mushroom
  2178 | D        | Noticed a spiny frog
  2178 | D        | Noticed a komodo dragon
  2178 | D        | Noticed a spiny frog
  2181 | D        | Killed a spiny frog
  2183 | D        | Killed a spiny frog
  2183 | D        | Reached skill level 5 in Conjurations
  2184 | D        | Killed a komodo dragon
  2190 | D        | Noticed a redback
  2192 | D        | Killed a redback
  2193 | D        | Noticed a brain worm
  2196 | D        | Killed a brain worm
  2201 | D        | Noticed a brain worm
  2203 | D        | Killed a brain worm
  2207 | D        | Noticed a lindwurm
  2209 | D        | Noticed a redback
  2210 | D        | Killed a lindwurm
  2212 | D        | Killed a redback
  2216 | D        | Noticed a redback
  2217 | D        | Killed a redback
  2218 | D        | Noticed Maud
  2220 | D        | Killed Maud
  2220 | D        | Reached skill level 15 in Dodging
  2220 | D        | Reached skill level 16 in Stealth
  2220 | D        | Reached XP level 11. HP: 47/47 MP: 27/29
  2231 | D        | Noticed an electric eel
  2232 | D        | Noticed an eight-headed hydra
  2232 | D        | Noticed an eight-headed hydra
  2233 | D        | Killed an electric eel
  2235 | D        | Killed an eight-headed hydra
  2235 | D        | Reached skill level 10 in Hexes
  2236 | D        | Killed an eight-headed hydra
  2275 | D        | Noticed a death drake
  2278 | D        | Killed a death drake
  2278 | D        | Reached skill level 17 in Stealth
  2288 | D        | Found a blossoming altar of Fedhas.
  2288 | D        | Noticed a spriggan
  2288 | D        | Noticed a spriggan druid
  2288 | D        | Noticed a spriggan
  2290 | D        | Killed a spriggan druid
  2291 | D        | Killed a spriggan
  2292 | D        | Killed a spriggan
  2507 | D        | Noticed a water moccasin
  2507 | D        | Noticed a black mamba
  2507 | D        | Noticed a black mamba
  2509 | D        | Noticed a black mamba
  2510 | D        | Killed a water moccasin
  2511 | D        | Killed a black mamba
  2521 | D        | Killed a black mamba
  2524 | D        | Killed a black mamba
  2592 | D        | Noticed a black mamba
  2592 | D        | Noticed a black mamba
  2592 | D        | Noticed an anaconda
  2592 | D        | Noticed a black mamba
  2592 | D        | Noticed an anaconda
  2592 | D        | Noticed an anaconda
  2594 | D        | Killed an anaconda
  2595 | D        | Killed an anaconda
  2596 | D        | Killed a black mamba
  2596 | D        | Reached skill level 18 in Stealth
  2598 | D        | Killed an anaconda
  2599 | D        | Killed a black mamba
  2601 | D        | Killed a black mamba
  2624 | D        | Noticed a black mamba
  2624 | D        | Noticed an anaconda
  2624 | D        | Noticed a black mamba
  2624 | D        | Noticed a water moccasin
  2649 | D        | Killed an anaconda
  2649 | D        | Reached XP level 12. HP: 51/51 MP: 26/31
  2654 | D        | Killed a black mamba
  2832 | D        | Killed a black mamba
  2858 | D        | Killed a water moccasin
  2871 | D        | Noticed a naga
  2871 | D        | Noticed a naga
  2872 | D        | Noticed a naga warrior
  2872 | D        | Noticed a greater naga
  2872 | D        | Found Edwuifiw's Gadget Shop.
  2872 | D        | Found Dyrot's Antique Armour Shoppe.
  2872 | D        | Found Uwoaw's Magic Scroll Boutique.
  2873 | D        | Killed a naga
  2874 | D        | Killed a naga
  2876 | D        | Killed a naga warrior
  2877 | D        | Killed a greater naga
  2877 | D        | Reached skill level 15 in Spellcasting
  2910 | D        | Noticed a guardian serpent
  2913 | D        | Killed a guardian serpent
  2913 | D        | Reached skill level 19 in Stealth
  2916 | D        | Got a serpentine rune of Zot
  3142 | D        | Noticed a swamp drake
  3142 | D        | Noticed a fire drake
  3143 | D        | Killed a fire drake
  3145 | D        | Killed a swamp drake
  3151 | D        | Noticed a blink frog
  3151 | D        | Noticed a blink frog
  3151 | D        | Noticed a blink frog
  3152 | D        | Noticed a blink frog
  3152 | D        | Noticed a blink frog
  3153 | D        | Killed a blink frog
  3156 | D        | Killed a blink frog
  3160 | D        | Killed a blink frog
  3163 | D        | Killed a blink frog
  3166 | D        | Killed a blink frog
  3271 | D        | Noticed Rupert
  3276 | D        | Killed Rupert
  3295 | D        | Noticed a death yak
  3296 | D        | Noticed a death yak
  3296 | D        | Noticed a blink frog
  3297 | D        | Noticed an azure jelly
  3297 | D        | Noticed a death yak
  3297 | D        | Noticed an azure jelly
  3297 | D        | Noticed a blink frog
  3297 | D        | Noticed a death yak
  3298 | D        | Killed a death yak
  3299 | D        | Killed a death yak
  3300 | D        | Killed a blink frog
  3301 | D        | Noticed a blink frog
  3301 | D        | Noticed a black mamba
  3302 | D        | Killed a death yak
  3303 | D        | Noticed a black mamba
  3304 | D        | Killed a death yak
  3304 | D        | Reached skill level 20 in Stealth
  3305 | D        | Killed a blink frog
  3306 | D        | Killed a blink frog
  3310 | D        | Killed a black mamba
  3311 | D        | Killed a black mamba
  3372 | D        | Noticed an ice dragon
  3587 | D        | Killed a yaktaur
  3740 | D        | Noticed an ice dragon
  3743 | D        | Noticed an ice dragon
  3829 | D        | Noticed an ice dragon
  4183 | D        | Killed an ice dragon
  4252 | D        | Found Xicviuv's Antique Weapon Shoppe.
  4252 | D        | Found Luhel's Magic Scroll Boutique.
  4263 | D        | Killed an ice dragon
  4263 | D        | Reached XP level 13. HP: 55/55 MP: 22/34
  4264 | D        | Found Suffoox's Jewellery Emporium.
  4324 | D        | Noticed an azure jelly
  4324 | D        | Noticed an azure jelly
  4331 | D        | Killed an azure jelly
  4331 | D        | Reached skill level 15 in Short Blades
  4333 | D        | Killed an azure jelly
  4334 | D        | Killed an azure jelly
  4339 | D        | Demolished by an azure jelly

Vault maps used:
D:        dungeon_sprint_mu

Action                   |  1- 3 |  4- 6 |  7- 9 | 10-12 | 13-15 || total
-------------------------+-------+-------+-------+-------+-------++-------
Melee: Dagger            |    24 |    35 |    54 |   200 |     3 ||   316
 Cast: Ensorcelled Hiber |     2 |     2 |    26 |    17 |       ||    47
       Corona            |     1 |       |       |       |       ||     1
       Dazzling Spray    |       |    14 |    14 |    21 |     1 ||    50
       Confuse           |       |       |       |     2 |       ||     2
Invok: Shadow Step       |       |       |     1 |    13 |       ||    14
  Use: Scroll            |       |     3 |       |       |       ||     3
       Potion            |       |     3 |       |     1 |       ||     4
 Stab: Sleeping          |     4 |     4 |    20 |    61 |     3 ||    92
       Invisible         |       |     1 |     4 |     4 |       ||     9
       Distracted        |       |       |       |     1 |       ||     1
  Eat: Bread ration      |       |       |       |     1 |       ||     1
